Map: Flashback EE

Players

Magno

  • Race: Terran Terran
  • League: Gold
  • Spawn Location: 7:00

RyuJulian

  • Race: Zerg Zerg
  • League: Gold
  • Spawn Location: 7:00

Jony

  • Race: Zerg Zerg
  • Spawn Location: 7:00

Keidrox - Winner!

  • Race: Terran Terran
  • Spawn Location: 11:00

GarHaM - Winner!

  • Race: Protoss Protoss
  • League: Gold
  • Spawn Location: 9:00

JOTASED - Winner!

  • Race: Protoss Protoss
  • Spawn Location: 11:00

VOD

Have the link to the VOD?

Description

Time

  • Played on: March 9, 2023, 6:32 p.m.
  • Length: 10:31
Show
View Real Time Build Order
Export as new Build Order

Magno Terran 

Build Orders:  

Get SALT Encoding   

  12  0:24  SCV  
  13  0:35  Supply Depot  
  13  0:36  SCV  
  14  0:49  SCV  
  15  0:50  Refinery  
  15  1:01  SCV  
  16  1:05  Barracks  
  16  1:12  Refinery  
  16  1:13  SCV  
  16  1:17  Barracks  
  17  1:26  SCV  
  18  1:38  SCV  
  19  1:50  SCV  
  19  1:53  Marine  
  21  1:54  Supply Depot  
  21  2:03  SCV  
  21  2:06  Factory  
  22  2:15  Marine  
  22  2:17  Barracks Tech Lab  
  22  2:18  SCV  
  24  2:30  SCV  
  25  2:38  Marine  
  25  2:41  Stimpack  
  25  2:44  Marine  
  27  2:51  Orbital Command  
  27  2:56  Marine  
  28  3:10  Marine  
  28  3:11  Factory Tech Lab  
  29  3:22  Barracks Reactor  
  29  3:30  Command Center  
  29  3:48  Supply Depot  
  29  4:07  Engineering Bay  
  29  4:09  Engineering Bay  
  29  4:10  Siege Tank  
  32  4:18  Marine x2  
  32  4:19  Marine  
  32  4:23  Combat Shield  
  35  4:36  Terran Infantry Weapons Level 1, Terran Infantry Armor Level 1  
  35  4:39  Missile Turret  
  35  4:57  Barracks Reactor  
  35  5:00  Marine  
  35  5:02  Siege Tank  
  35  5:04  Orbital Command  
  35  5:06  Refinery  
  39  5:13  SCV  
  40  5:23  Marine  
  40  5:26  SCV  
  42  5:31  SCV  
  43  5:36  Armory  
  43  5:38  SCV  
  44  5:44  Ghost Academy  
  44  5:45  SCV  
  45  5:50  Siege Tank  
  45  5:51  SCV  
  49  5:57  SCV  
  49  5:58  Marine x2  
  49  6:00  Marauder  
  54  6:09  Supply Depot  
  54  6:11  Supply Depot  
  54  6:12  Refinery  
  54  6:30  SCV x2, Ghost  
  58  6:40  Marine x2  
  58  6:42  SCV x2  
  58  6:43  Concussive Shells  
  62  6:51  Starport  
  62  6:54  SCV x2  
  62  6:58  Ghost  
  66  7:03  Missile Turret  
  66  7:06  SCV  
  66  7:07  Missile Turret  
  67  7:15  Siege Tank  
  70  7:22  Starport  
  70  7:54  Starport Reactor  
  70  7:57  Supply Depot  
  70  7:58  Supply Depot x2, Starport Reactor  
  70  8:02  Terran Vehicle Weapons Level 1  
  70  8:05  Armory  
  70  8:08  Barracks  
  70  8:10  Barracks  
  70  8:18  Marine x2, SCV  
  70  8:19  Marauder  
  75  8:20  SCV  
  75  8:22  Factory  
  76  8:30  SCV  
  76  8:32  SCV  
  80  8:42  SCV  
  80  8:44  SCV  
  80  8:59  Viking x4  
  88  9:02  Marine  
  88  9:03  Marine  
  88  9:04  Barracks Reactor x2  
  88  9:05  Marine  
  91  9:36  Command Center  
  91  9:37  Hellbat  
  92  9:51  Marine x5  
  92  9:52  Marine  
  94  9:53  Marine  
  94  9:54  Viking  
Show
View Real Time Build Order
Export as new Build Order

RyuJulian Zerg 

Build Orders: Pool First 

Get SALT Encoding   

  12  0:01  Drone  
  13  0:08  Drone  
  14  0:27  Spawning Pool  
  13  0:30  Drone  
  14  0:36  Extractor  
  14  0:37  Drone  
  14  0:46  Extractor, Drone  
  14  0:59  Overlord  
  14  1:28  Drone  
  14  1:29  Hatchery  
  14  1:34  Drone  
  14  1:39  Drone  
  16  1:49  Drone  
  16  1:53  Drone  
  18  2:01  Drone  
  19  2:08  Metabolic Boost  
  19  2:13  Drone  
  20  2:23  Drone  
  21  2:45  Zergling x6  
  21  2:49  Lair  
  24  2:52  Drone  
  24  2:55  Drone  
  26  3:04  Drone  
  28  3:12  Zergling x2  
  28  3:15  Overlord  
  28  3:16  Overlord  
  28  3:32  Overlord x2  
  28  3:33  Queen  
  30  3:40  Zergling x4  
  32  3:49  Drone x2  
  34  3:56  Nydus Network  
  34  3:57  Zergling x2  
  34  4:07  Zergling x4  
  36  4:10  Zergling x2  
  37  4:22  Zergling x2  
  37  4:23  Zergling x2  
  39  4:36  Nydus Canal  
  39  4:37  Zergling x4  
  41  4:40  Drone  
  42  4:59  Nydus Canal  
  35  5:14  Drone x4  
  35  5:15  Drone x2  
  40  5:24  Extractor  
  40  5:27  Drone x2  
  41  5:41  Extractor  
  40  5:44  Infestation Pit  
  39  5:56  Drone x3  
  43  5:57  Drone x2  
  44  6:12  Overlord  
  44  6:13  Overlord  
  44  6:14  Drone x3  
  44  6:18  Drone  
  48  6:21  Queen, Hive  
  50  6:28  Drone  
  50  6:29  Drone  
  52  6:33  Drone  
  52  6:38  Drone x3  
  50  7:35  Ultralisk Cavern  
  49  7:39  Adrenal Glands  
  49  7:50  Overseer  
  49  8:00  Evolution Chamber  
  49  8:01  Evolution Chamber  
  47  8:13  Spore Crawler x2  
  45  8:32  Spore Crawler  
  44  8:34  Chitinous Plating  
  44  8:36  Ultralisk x4, Spore Crawler  
  44  8:37  Zergling x2  
  68  9:06  Spore Crawler  
  67  9:11  Spore Crawler  
  66  9:24  Overlord x6  
  66  9:40  Overseer  
  64  10:11  Zergling x14  
  64  10:12  Zergling x22  
Show
View Real Time Build Order
Export as new Build Order

Jony Zerg 

Build Orders: Pool First, Swarm Host 

Get SALT Encoding   

  12  0:04  Drone  
  13  0:12  Drone  
  14  0:29  Spawning Pool  
  14  0:31  Drone  
  14  0:40  Overlord  
  14  0:51  Extractor  
  14  0:56  Extractor, Drone  
  13  0:57  Drone  
  14  1:25  Drone  
  14  1:27  Drone, Hatchery  
  15  1:39  Drone  
  16  1:41  Drone  
  17  1:52  Drone  
  18  1:59  Queen  
  20  2:17  Drone x2  
  22  2:38  Lair  
  22  2:40  Overlord  
  22  2:45  Drone x3  
  25  3:10  Drone x7  
  32  3:15  Spore Crawler  
  31  3:38  Spire  
  31  3:40  Drone  
  31  3:41  Drone x5  
  36  3:45  Extractor  
  36  3:48  Extractor  
  34  3:51  Spore Crawler  
  33  4:05  Drone x3  
  33  4:07  Overlord  
  33  4:08  Overlord  
  36  4:27  Drone x6  
  42  4:34  Hatchery  
  41  4:46  Queen  
  41  4:50  Queen  
  45  5:01  Mutalisk x2  
  45  5:02  Mutalisk  
  51  5:10  Overlord  
  51  5:20  Spore Crawler x2  
  49  5:33  Mutalisk x5  
  59  5:51  Zerg Flyer Weapons Level 1  
  59  6:01  Mutalisk  
  59  6:02  Mutalisk x2  
  65  6:04  Overlord x2  
  65  6:08  Pneumatized Carapace  
  65  6:09  Hatchery  
  64  6:15  Drone x2  
  64  6:18  Overlord  
  67  6:25  Drone  
  67  6:26  Drone x6  
  73  6:42  Infestation Pit  
  72  6:50  Drone x8  
  80  6:54  Extractor x2  
  66  7:35  Swarm Host  
  66  7:36  Swarm Host x8  
  93  7:43  Spore Crawler  
  92  7:45  Overseer  
  92  7:52  Spore Crawler  
  91  7:59  Drone x5  
  91  8:00  Overlord  
  91  8:01  Overlord x2  
  96  9:06  Hydralisk Den  
  95  9:25  Evolution Chamber  
  95  9:26  Evolution Chamber x2  
  92  9:43  Hydralisk x7  
  92  9:44  Hydralisk x8  
Show
View Real Time Build Order
Export as new Build Order

Keidrox Terran - Winner!

Build Orders: Reaper Expand 

Get SALT Encoding   

  12  0:00  SCV  
  13  0:12  SCV  
  14  0:18  Supply Depot  
  14  0:24  SCV  
  15  0:40  SCV  
  15  0:41  Barracks  
  16  0:45  Refinery  
  16  0:52  SCV  
  17  1:04  SCV  
  18  1:17  SCV  
  19  1:29  Orbital Command  
  19  1:31  Reaper  
  20  1:41  Command Center  
  20  1:52  Supply Depot  
  20  1:56  Refinery  
  20  1:58  SCV  
  21  2:03  Barracks Reactor  
  21  2:10  SCV  
  22  2:22  SCV  
  23  2:27  Factory  
  23  2:34  SCV, Engineering Bay  
  24  2:39  Marine  
  24  2:44  Marine  
  26  2:46  SCV  
  27  2:58  Marine, SCV  
  27  3:01  Marine  
  30  3:10  SCV  
  30  3:12  Orbital Command  
  31  3:13  Factory Tech Lab  
  31  3:16  Marine  
  31  3:17  Missile Turret  
  32  3:22  SCV  
  33  3:35  SCV  
  33  3:37  Cyclone  
  33  3:38  Marine  
  38  3:42  SCV  
  38  3:46  Terran Infantry Weapons Level 1  
  38  3:47  SCV  
  40  3:54  Barracks  
  40  3:57  SCV  
  40  3:59  SCV  
  42  4:09  SCV  
  43  4:10  Missile Turret  
  43  4:11  SCV  
  43  4:13  Marine x2  
  46  4:24  Supply Depot  
  46  4:39  Starport  
  46  4:41  Supply Depot  
  46  4:46  Marine, Siege Tank, SCV x2  
  46  4:47  Supply Depot  
  52  4:58  SCV x2  
  53  5:10  SCV x2  
  53  5:13  Marine x2, Barracks Tech Lab  
  57  5:18  Siege Tank  
  57  5:20  Starport Reactor  
  60  5:22  SCV x2  
  60  5:27  Supply Depot  
  62  5:31  Marine x2, Supply Depot  
  62  5:32  Supply Depot  
  62  5:33  Refinery  
  62  5:34  Refinery, SCV x2  
  66  5:41  Marine  
  67  5:46  Stimpack, SCV x2  
  67  5:49  Marine  
  70  5:54  Mag-Field Accelerator  
  70  5:55  Marine  
  70  5:56  Siege Tank  
  74  5:58  SCV  
  74  5:59  Marine  
  74  6:00  SCV  
  77  6:07  Marine  
  77  6:09  Supply Depot  
  77  6:11  SCV  
  79  6:12  SCV  
  79  6:13  Supply Depot  
  79  6:15  Supply Depot  
  80  6:21  Missile Turret  
  80  6:23  Missile Turret x2, SCV  
  80  6:24  SCV  
  82  6:27  Marine, Missile Turret  
  82  6:29  Marine x2  
  82  6:31  Siege Tank  
  88  6:34  Medivac  
  88  6:35  Medivac  
  88  6:38  Supply Depot  
  92  6:45  Marine  
  93  6:51  SCV  
  93  6:52  SCV  
  95  7:00  Command Center  
  95  7:03  Siege Tank  
  95  7:04  SCV x2  
  99  7:16  SCV x2  
  100  7:26  Combat Shield  
  100  7:28  SCV  
  101  7:34  Terran Infantry Armor Level 1  
  101  7:38  Liberator x2, Armory  
  101  7:44  Marine x3  
  107  7:48  SCV  
  107  7:49  SCV  
  112  7:56  Siege Tank  
  115  8:01  Marine, SCV x2  
  115  8:02  Marine x2  
  115  8:04  Barracks  
  120  8:19  Marine x2  
  120  8:20  Marine, Liberator  
  120  8:21  Liberator  
  129  8:28  Siege Tank  
  132  8:37  Marine x3  
  135  8:55  Marine x3  
  136  9:00  Siege Tank  
  141  9:17  Barracks Reactor  
  141  9:24  Orbital Command  
  141  9:46  Marine  
  141  9:47  SCV x2  
  141  9:53  Missile Turret  
  141  9:54  Missile Turret  
  141  9:56  Missile Turret  
  141  9:59  Missile Turret  
  141  10:05  Marine, SCV  
  141  10:06  Marine  
  141  10:07  Marine x2, SCV  
  138  10:17  SCV  
  138  10:19  SCV  
Show
View Real Time Build Order
Export as new Build Order

GarHaM Protoss - Winner!

Build Orders: Nexus First 

Get SALT Encoding   

  12  0:01  Probe  
  13  0:21  Pylon  
  13  0:49  Nexus  
  13  1:01  Gateway  
  13  1:04  Probe  
  14  1:10  Assimilator  
  14  1:26  Gateway  
  14  1:44  Pylon  
  14  1:50  Cybernetics Core  
  14  2:01  Probe (Chrono Boost)  
  15  2:10  Probe (Chrono Boost)  
  15  2:15  Gateway  
  16  2:17  Probe (Chrono Boost)  
  16  2:21  Probe (Chrono Boost)  
  18  2:26  Assimilator  
  18  2:28  Warp Gate (Chrono Boost)  
  18  2:36  Probe (Chrono Boost)  
  19  2:42  Adept  
  21  2:47  Adept  
  23  3:12  Pylon  
  23  3:19  Forge  
  23  3:21  Probe (Chrono Boost)  
  24  3:31  Probe (Chrono Boost)  
  25  3:37  Probe (Chrono Boost)  
  25  3:39  Pylon  
  26  3:44  Probe (Chrono Boost)  
  28  3:48  Probe (Chrono Boost)  
  28  3:49  Probe (Chrono Boost)  
  29  3:56  Photon Cannon  
  29  3:59  Probe  
  29  4:00  Photon Cannon  
  29  4:01  Shield Battery  
  30  4:11  Probe  
  30  4:12  Stalker x2  
  30  4:14  Stalker  
  37  4:27  Photon Cannon  
  37  4:28  Shield Battery  
  37  4:37  Gateway  
  37  4:46  Photon Cannon  
  37  5:03  Stalker x3  
  43  5:20  Pylon  
  43  5:21  Assimilator  
  43  5:31  Assimilator  
  43  5:40  Stalker x3  
  49  5:45  Probe (Chrono Boost)  
  49  5:49  Nexus  
  50  5:53  Shield Battery  
  50  5:55  Probe (Chrono Boost)  
  51  6:00  Probe (Chrono Boost)  
  52  6:07  Forge  
  52  6:11  Pylon  
  52  6:15  Pylon  
  52  6:22  Shield Battery  
  52  6:28  Photon Cannon  
  52  6:33  Photon Cannon  
  52  6:34  Shield Battery  
  52  6:41  Pylon  
  52  6:46  Stargate x2  
  52  7:03  Probe (Chrono Boost)  
  53  7:13  Probe (Chrono Boost)  
  54  7:18  Probe (Chrono Boost)  
  54  7:20  Robotics Facility  
  55  7:26  Photon Cannon  
  55  7:32  Photon Cannon  
  55  7:37  Photon Cannon  
  55  7:39  Probe (Chrono Boost)  
  55  7:43  Assimilator  
  56  7:48  Phoenix x2 (Chrono Boost)  
  56  7:49  Probe (Chrono Boost)  
  61  7:54  Probe (Chrono Boost)  
  61  7:56  Protoss Ground Armor Level 1, Protoss Ground Weapons Level 1  
  62  8:05  Phoenix x2 (Chrono Boost), Probe (Chrono Boost)  
  67  8:17  Probe (Chrono Boost)  
  68  8:21  Probe (Chrono Boost)  
  69  8:28  Pylon  
  69  8:32  Probe  
  70  8:44  Probe  
  70  8:47  Stalker x4  
  79  8:50  Phoenix x2  
  83  9:01  Probe  
  84  9:05  Photon Cannon  
  84  9:08  Robotics Bay  
  84  9:13  Probe  
  84  9:15  Phoenix  
  87  9:25  Probe  
  88  9:37  Probe  
  89  9:49  Probe  
  82  10:29  Stalker  
Show
View Real Time Build Order
Export as new Build Order

JOTASED Protoss - Winner!

Build Orders:  

Get SALT Encoding   

  12  0:15  Probe (Chrono Boost)  
  12  0:16  Pylon  
  13  0:26  Probe (Chrono Boost)  
  14  0:36  Gateway, Probe  
  15  0:46  Assimilator  
  15  0:48  Probe  
  16  1:02  Probe  
  17  1:07  Gateway  
  17  1:12  Assimilator  
  17  1:14  Probe  
  18  1:26  Cybernetics Core, Probe (Chrono Boost)  
  19  1:37  Probe (Chrono Boost)  
  20  1:42  Probe (Chrono Boost)  
  21  1:48  Pylon  
  21  1:53  Probe  
  22  1:59  Pylon  
  22  2:02  Warp Gate  
  22  2:05  Probe  
  25  2:14  Stalker (Chrono Boost)  
  25  2:15  Stalker (Chrono Boost)  
  27  2:29  Probe  
  28  2:30  Forge  
  28  2:37  Stalker  
  30  2:46  Probe  
  31  2:52  Robotics Facility  
  31  2:58  Stalker  
  33  3:07  Pylon  
  33  3:08  Protoss Ground Weapons Level 1 (Chrono Boost)  
  33  3:21  Gateway  
  33  3:48  Nexus  
  33  3:54  Observer  
  34  4:01  Twilight Council  
  34  4:02  Probe  
  35  4:18  Gateway  
  35  4:20  Gateway  
  35  4:29  Pylon  
  35  4:30  Probe  
  36  4:38  Observer  
  37  5:02  Stalker  
  37  5:03  Stalker x2  
  42  5:11  Probe  
  40  5:16  Stalker  
  42  5:22  Probe  
  42  5:24  Probe  
  44  5:33  Immortal (Chrono Boost)  
  44  5:42  Probe x2  
  50  5:56  Probe (Chrono Boost)  
  52  5:59  Assimilator  
  52  6:00  Probe (Chrono Boost)  
  52  6:01  Blink (Chrono Boost)  
  52  6:03  Assimilator  
  52  6:08  Probe (Chrono Boost)  
  54  6:12  Probe (Chrono Boost)  
  54  6:33  Probe x2  
  56  6:45  Probe x2  
  58  7:11  Stalker x2  
  58  7:12  Stalker x3  
  67  7:31  Probe x2  
  69  7:43  Probe  
  70  7:48  Nexus  
  70  7:49  Pylon  
  70  7:50  Pylon, Assimilator  
  70  7:52  Forge  
  70  7:54  Assimilator  
  70  7:57  Templar Archives, Pylon  
  70  7:59  Pylon  
  70  8:02  Pylon  
  70  8:04  Gateway  
  70  8:07  Probe x2 (Chrono Boost)  
  72  8:19  Probe (Chrono Boost)  
  74  8:20  Charge (Chrono Boost), Probe (Chrono Boost)  
  74  8:25  Probe x2 (Chrono Boost)  
  76  8:33  Probe x2  
  78  8:45  Stalker x3  
  84  8:55  Probe (Chrono Boost)  
  85  8:58  Probe (Chrono Boost)  
  87  9:04  Probe (Chrono Boost)  
  87  9:07  Probe (Chrono Boost)  
  89  9:12  Probe (Chrono Boost)  
  89  9:13  Probe (Chrono Boost)  
  89  9:14  Probe (Chrono Boost)  
  91  9:20  Observer, Probe  
  91  9:21  Stalker  
  91  9:22  Probe, Stalker x4  
  102  10:00  Stalker x6  
  100  10:25  Stalker x6  
Tags
 
Add a new tag
Caveats
  • Supply blocks, unpowered buildings, or Contaminate may cause inaccurate times.
  • Supply counts are checked every 10 seconds.